 Dungeon Crawl Stone Soup version 0.21.1-1-g345015f (webtiles) character file.

78 Labyrinth the Firebug (level 4, -1/33 HPs)
             Began as a Draconian Fire Elementalist on July 24, 2018.
             Killed by divine providence
             ... invoked by an orc priest
              (14 damage)
             ... on level 3 of the Dungeon.
             The game lasted 00:07:10 (1515 turns).

Labyrinth the Firebug (Draconian Fire Elementalist) Turns: 1515, Time: 00:07:11

Health: -1/33      AC:  5    Str: 11    XL:     4   Next: 15%
Magic:  0/7        EV: 12    Int: 15    God:
Gold:   128        SH:  0    Dex: 12    Spells: 1/7 levels left

rFire    + . .     SeeInvis .   k - +2 dagger (drain)
rCold    x . .     Gourm    .   (no shield)
rNeg     . . .     Faith    .   (armour unavailable)
rPois    .         Spirit   .   (helmet restricted)
rElec    .         Reflect  .   (no cloak)
rCorr    .         Harm     .   (no gloves)
MR       .....                  (no boots)
Stlth    ++........             (no amulet)
HPRegen  0.11/turn              m - ring of fire
MPRegen  0.10/turn              (no ring)

@: drained
A: unfitting armour, cold-blooded, AC +5
a: no special abilities


You were on level 3 of the Dungeon.
You were not hungry.

You visited 1 branch of the dungeon, and saw 3 of its levels.

You collected 128 gold pieces.

Inventory:

Hand Weapons
 f - a +0 spear
 k - a +2 dagger of draining (weapon)
 l - a +0 whip
Missiles
 i - 3 javelins (quivered)
 j - 59 stones
Jewellery
 m - a ring of fire (left hand)
Wands
 o - a wand of digging (13)
Scrolls
 c - 2 scrolls of remove curse
 d - a scroll of enchant weapon {unknown}
 n - a scroll of amnesia {unknown}
 r - a scroll of magic mapping {unknown}
Potions
 e - a potion of berserk rage
 g - a potion of curing {unknown}
 h - a potion of heal wounds {unknown}
 p - a potion of mutation {unknown}
 q - a potion of flight {unknown}
Books
 a - a book of Flames

   Spells                             Type                      Level
   a - Flame Tongue                   Conjuration/Fire             1
   b - Throw Flame                    Conjuration/Fire             2
   c - Conjure Flame                  Conjuration/Fire             3
   d - Inner Flame                    Hexes/Fire                   3
   e - Sticky Flame                   Conjuration/Fire             4
   f - Fireball                       Conjuration/Fire             5
Comestibles
 b - 2 rations


   Skills:
 + Level 0.2(0.0) Short Blades
 + Level 1.0(0.8) Maces & Flails
 + Level 1.9(1.6) Dodging
 + Level 2.6(2.3) Stealth
 + Level 2.4(2.1) Spellcasting
 + Level 1.5(1.2) Conjurations
 + Level 3.6(3.3) Fire Magic


You had one spell level left.
You knew the following spells:

 Your Spells              Type           Power        Failure   Level  Hunger
a - Flame Tongue          Conj/Fire      ##...        9%          1    #......
b - Throw Flame           Conj/Fire      ##....       13%         2    ###....
c - Conjure Flame         Conj/Fire      ##......     26%         3    ###....


Dungeon Overview and Level Annotations

Branches:
Dungeon (3/15)

Altars:
Hepliaklqana
Sif Muna
Xom


Innate Abilities, Weirdness & Mutations

Your plain brown scales are hard. (AC +5)
You cannot fit into any form of body armour.
You are cold-blooded and may be slowed by cold attacks.


Message History

An orc priest comes into view.
An orc wizard comes into view. It is wielding a dagger.
An orc comes into view. It is wielding a whip.
The orc priest shouts!
The orc wizard shouts!
The orc hits you with a hand axe!
An orc comes into view.
Casting: Flame Tongue
Confirm with . or Enter, or press ? or * to list all spells.
Aiming: Flame Tongue
Press: ? - help, Shift-Dir - straight line, f - orc
Aim: an orc, wielding a hand axe and wearing a ring mail You feel a surge of power!
The flame tongue hits the orc.
The orc is lightly wounded.
The orc closely misses you. The orc hits you with a hand axe.
The orc wizard gestures wildly while chanting.
The orc wizard seems to speed up.
The orc priest calls down the wrath of Beogh upon you.
Beogh smites you!
You die...

##... .. #$...#
.# ##..... .#
.......####.###
..............#
#............#
#.........#
#.<)[....#
..##...@...o###
#.......o...o.#
###.......o.#.#
#.............
##.......o.#..
##.....##...#
#...#.# ##.#
....#.. #
.#...####


You could see an orc priest, an orc wizard and 3 orcs.

Vanquished Creatures
  Jessica (D:3)
  2 adders
  An ooze (D:1)
  A dart slug (D:2)
  6 bats
  A giant cockroach (D:1)
  4 hobgoblins
  6 jackals (D:1)
  4 kobolds
26 creatures vanquished.

Notes
Turn   | Place    | Note
-------+----------+-------------------------------------------
     0 | D:1      | Labyrinth the Draconian Fire Elementalist began the quest for the Orb.
     0 | D:1      | Reached XP level 1. HP: 14/14 MP: 3/3
   318 | D:1      | Reached XP level 2. HP: 16/20 MP: 0/5
  1076 | D:2      | Found a deep blue altar of Sif Muna.
  1081 | D:2      | Reached skill level 1 in Maces & Flails
  1110 | D:2      | Reached XP level 3. HP: 24/26 MP: 1/6
  1265 | D:2      | Learned a level 2 spell: Throw Flame
  1274 | D:2      | Learned a level 3 spell: Conjure Flame
  1322 | D:2      | Found a shimmering altar of Xom.
  1323 | D:2      | Found a hazy altar of Hepliaklqana.
  1323 | D:2      | Noticed a wyvern
  1324 | D:2      | Noticed a spectral ugly thing
  1324 | D:2      | Noticed a wyvern
  1492 | D:3      | Noticed Jessica
  1500 | D:3      | Killed Jessica
  1500 | D:3      | Reached XP level 4. HP: 21/33 MP: 1/7
  1515 | D:3      | Killed from afar by an orc priest

Skill      XL: |  1  2 |
---------------+-------+-----
Stealth        | 2 |  2.6
Maces & Flails | 1 |  1.0
Short Blades   | |  0.2
Dodging        | |  1.9
Spellcasting   | |  2.4
Conjurations   | |  1.5
Fire Magic     | |  3.6

Action                   |  1- 3 |  4- 6 || total
-------------------------+-------+-------++-------
Melee: Club              |    18 |       ||    18
       Dagger            |    19 |     3 ||    22
 Cast: Flame Tongue      |    32 |     4 ||    36
  Use: Scroll            |     1 |       ||     1
       Potion            |     1 |       ||     1
  Eat: Ration            |     1 |       ||     1
Armor: Skin              |    19 |     1 ||    20
Dodge: Dodged            |    44 |     2 ||    46
